 Dungeon Crawl Stone Soup version 0.24-a0-282-g1a68c91 (webtiles) character file.

Game seed: 14360873303279361590

371 Lanoc the Ruffian (level 6, -3/50 HPs)
             Began as a Draconian Transmuter on May 3, 2019.
             Splashed by a jelly's acid (7 damage)
             ... on level 5 of the Dungeon.
             The game lasted 00:06:46 (3859 turns).

Lanoc the Ruffian (Draconian Transmuter)            Turns: 3859, Time: 00:06:46

Health: -3/50      AC: -5    Str: 13    XL:     6   Next: 42%
Magic:  10/10      EV: 13    Int: 15    God:
Gold:   85         SH:  0    Dex: 11    Spells: 4/10 levels left

rFire    + . .     SeeInvis .     - Unarmed
rCold    . . .     Gourm    .   (no shield)
rNeg     . . .     Faith    .   (armour unavailable)
rPois    .         Spirit   .   (helmet restricted)
rElec    .         Reflect  .   (no cloak)
rCorr    .         Harm     .   (no gloves)
MR       .....                  (no boots)
Stlth    +.........             (no amulet)
HPRegen  0.16/turn              g - ring of protection from fire
MPRegen  0.12/turn              i - +5 ring of protection

@: corroded
A: unfitting armour, cold-blooded, AC +6
a: no special abilities


You were on level 5 of the Dungeon.
You were not hungry.

You visited 1 branch of the dungeon, and saw 5 of its levels.

You collected 85 gold pieces.

Inventory:

Jewellery
 g - a ring of protection from fire (left hand)
 i - a +5 ring of protection (right hand)
Scrolls
 d - a scroll of fog
 e - a scroll of immolation
 f - a scroll of enchant weapon {unknown}
 h - a scroll of enchant armour {unknown}
 j - 3 scrolls of remove curse {unknown}
 k - 3 scrolls of identify {unknown}
 m - 2 scrolls of blinking {unknown}
 n - a scroll of teleportation {unknown}
 o - a scroll of magic mapping {unknown}
Potions
 b - 2 potions of haste
 l - a potion of mutation {unknown}
 p - a potion of ambrosia
 q - a potion of cancellation {unknown}
 r - a potion of lignification {unknown}
Comestibles
 c - 2 rations


   Skills:
 + Level 2.9 Fighting
 + Level 2.9 Dodging
 * Level 4.5 Unarmed Combat
 + Level 2.8 Spellcasting
 * Level 4.0 Transmutations


You had 4 spell levels left.
You knew the following spells:

 Your Spells              Type           Power        Failure   Level  Hunger
a - Beastly Appendage     Tmut           ##....       3%          1    #......
b - Sticks to Snakes      Tmut           ##......     6%          2    ##.....
c - Spider Form           Tmut/Pois      #.........   26%         3    ###....

Your spell library contained the following spells:

 Spells                   Type           Power        Failure   Level  Hunger
 Ice Form                 Ice/Tmut       #.......     65%         4    #####..
 Blade Hands              Tmut           ##........   71%         5    ######.


Dungeon Overview and Level Annotations

Branches:
Dungeon (5/15)
 Temple: D:4-7

Altars:
Kikubaaqudgha
The Shining One

Annotations:
D:4 Dowan, Pikel


Innate Abilities, Weirdness & Mutations

Your plain brown scales are hard. (AC +6)
You cannot fit into any form of body armour.
You are cold-blooded and may be slowed by cold attacks.


Message History

Your transformation is almost over.
The jelly hits you.
You are splashed with acid!
* * * LOW HITPOINT WARNING * * *
Casting: Beastly Appendage (safe; 3% risk of failure)
Confirm with . or Enter, or press ? or * to list all spells.
You create a snake!
You now have no arrows remaining.
The jelly hits you.
* * * LOW HITPOINT WARNING * * *
You are splashed with acid!
* * * LOW HITPOINT WARNING * * *
Your ball python bites the jelly.
The acid corrodes your ball python!
Your ball python is burned by acid!
The jelly closely misses your ball python.
Your ball python bites the jelly.
Your ball python is burned by acid!
Your ball python withers and dies!
Your horns disappear.
There is a stone staircase leading down here.
The jelly hits you.
* * * LOW HITPOINT WARNING * * *
The acid corrodes you!
You are splashed with acid!
You die...

##...##
##..<.)....
##...###..>.......
##.......##......
###....####......
##......# #......
##.......##
#......
##.........#
##.....
##.........##
##....
##...@J.....#
##...
##..<[<......#
###.
#...(........# ##
#...........## #
#...........#
#............#
#...........##
#..........##
#...........#


You could see a jelly.

Vanquished Creatures
  Purgy (D:4)
  A slave (D:5)
  Terence (D:2)
  3 worker ants
  6 adders
  An adder zombie (D:2)
  2 worms
  3 dart slugs
  A leopard gecko (D:4)
  4 orcs
  4 bats
  4 giant cockroaches
  11 goblins
  6 hobgoblins
  10 jackals
  3 kobolds
  2 ball pythons
  A frilled lizard (D:3)
  7 rats
71 creatures vanquished.

Vanquished Creatures (collateral kills)
  A scorpion (D:4)
  A hobgoblin (D:2)
2 creatures vanquished.

Grand Total: 73 creatures vanquished

Notes
Turn   | Place    | Note
-------+----------+-------------------------------------------
     0 | D:1      | Lanoc the Draconian Transmuter began the quest for the Orb.
     0 | D:1      | Reached XP level 1. HP: 16/16 MP: 3/3
   165 | D:2      | Reached XP level 2. HP: 21/23 MP: 5/5
   182 | D:2      | Learned a level 2 spell: Sticks to Snakes
   302 | D:2      | Reached XP level 3. HP: 12/28 MP: 6/6
   674 | D:2      | Noticed Terence
   728 | D:2      | Killed Terence
   800 | D:2      | Learned a level 3 spell: Spider Form
   874 | D:2      | Reached XP level 4. HP: 36/36 MP: 7/7
  1249 | D:3      | Found a glowing golden altar of the Shining One.
  1962 | D:3      | Reached XP level 5. HP: 9/41 MP: 4/8
  1983 | D:3      | HP: 2/41 [poisoned by a worker ant]
  2546 | D:3      | Found an ancient bone altar of Kikubaaqudgha.
  2578 | D:4      | Noticed Dowan
  3087 | D:4      | Reached XP level 6. HP: 50/50 MP: 10/10
  3157 | D:4      | Noticed Purgy
  3185 | D:4      | Killed Purgy
  3291 | D:4      | Noticed Pikel
  3291 | D:4      | Noticed a slave
  3291 | D:4      | Noticed a slave
  3292 | D:4      | Noticed a slave
  3293 | D:4      | Noticed a slave
  3321 | D:5      | Entered Level 5 of the Dungeon
  3603 | D:5      | Killed a slave
  3859 | D:5      | Splashed by a jelly's acid

Levels and vault maps discovered:
D:1:      ldierk_walled_garden_2, layout_basic
D:2:      layout_loops_cross, uniq_terence
D:3:      layout_loops_corners, nicolae_tso_carved_into_rock,
          lemuel_coloured_pillars_altar, kennysheep_generic_room_5
D:4:      layout_basic, lemuel_crystal_altar, zin_statuary, uniq_duvessa,
          uniq_pikel, uniq_robin, uniq_purgy
D:5:      layout_cave_pods, minmay_temple_entry_drinking_statues, first_ration,
          basic_altar

Skill      XL: |  1  2  3  4  5  6 |
---------------+-------------------+-----
Dodging        | 2 |  2.9
Fighting       | 2 |  2.9
Transmutations | 3 4 |  4.0
Unarmed Combat | 4 |  4.5
Spellcasting   | |  2.8

Action                   |  1- 3 |  4- 6 || total
-------------------------+-------+-------++-------
Melee: Unarmed           |   116 |   210 ||   326
       Punch             |     1 |     1 ||     2
       Tailslap          |    11 |    25 ||    36
       Headbutt          |     4 |     5 ||     9
       Kick              |     2 |    14 ||    16
 Cast: Beastly Appendage |     7 |    21 ||    28
       Sticks to Snakes  |     3 |     9 ||    12
       Spider Form       |       |     3 ||     3
  Use: Potion            |     3 |     1 ||     4
       Scroll            |       |     2 ||     2
  Eat: Chunk             |       |    11 ||    11
Armor: Skin              |    22 |    79 ||   101
Dodge: Dodged            |    87 |   164 ||   251

Table legend:
 A = Non-vault XP
 B = Vault XP
 C = Vault XP percentage of total XP
 D = Non-vault monster count
 E = Vault monster count
 F = Vault count percentage of total count
                 A         B        C        D         E       F
            +---------+---------+-------+---------+---------+-------
      Total |     347 |     183 |  34.5 |      67 |       5 |   6.9
            +---------+---------+-------+---------+---------+-------
        D:1 |       3 |       0 |   0.0 |       2 |       0 |   0.0
        D:2 |      74 |      30 |  28.8 |      25 |       1 |   3.8
        D:3 |     104 |      17 |  14.0 |      26 |       3 |  10.3
        D:4 |     158 |     136 |  46.3 |      10 |       1 |   9.1
        D:5 |       8 |       0 |   0.0 |       4 |       0 |   0.0
            +---------+---------+-------+---------+---------+-------
